 Dungeon Crawl Stone Soup version 0.20-a0-382-g289d6af (webtiles) character file.

312 Glaeka the Cudgeler (level 6, -8/36 HPs)
             Began as a Tengu Skald on Dec 28, 2016.
             Mangled by an ice beast (10 damage)
             ... on level 6 of the Dungeon.
             The game lasted 00:20:29 (2348 turns).

Glaeka the Cudgeler (Tengu Skald)                   Turns: 2348, Time: 00:20:29

Health: -8/36      AC:  5    Str: 14    XL:     6   Next: 42%
Magic:  10/11      EV: 10    Int: 13    God:
Gold:   209        SH:  0    Dex: 13    Spells: 5/10 levels left

rFire  . . .     SeeInvis .     a - +2 mace (crush)
rCold  . . .     Gourm    .     f - +0 ring mail
rNeg   . . .     Faith    .     (no shield)
rPois  .         Spirit   .     (helmet restricted)
rElec  .         Reflect  .     (no cloak)
rCorr  .         Harm     .     (no gloves)
MR     .....                    (boots unavailable)
Stlth  +.........               (no amulet)
                                (no ring)
                                (no ring)

@: singing
A: beak, talons 3, able to fly 1
a: Fly, Stop Singing


You were on level 6 of the Dungeon.
You were not hungry.

You visited 1 branch of the dungeon, and saw 6 of its levels.

You collected 209 gold pieces.

Inventory:

Hand Weapons
 a - a +2 mace of crushing (weapon)
Missiles
 g - 67 poisoned needles
Armour
 f - a +0 ring mail (worn)
 t - the cursed +0 scale mail of Impermeability {MR+ Dex+4}
   (You found it on level 4 of the Dungeon)

   It affects your dexterity (+4).
   It affects your resistance to hostile enchantments.
   It has a curse placed upon it.
Jewellery
 w - a +3 ring of evasion {unknown}
Wands
 h - a wand of polymorph (1/24)
Scrolls
 e - a scroll of fear {unknown}
 i - 3 scrolls of amnesia
 k - a scroll of blinking {unknown}
 l - a scroll of identify
 m - a scroll of fog {unknown}
 n - 2 scrolls of teleportation
 o - a scroll of random uselessness {unknown}
 r - 2 scrolls of remove curse {unknown}
Potions
 j - 2 potions of invisibility
 q - a potion of berserk rage {unknown}
 s - 2 potions of heal wounds
 u - 2 potions of brilliance {unknown}
Books
 c - a book of Battle

   Spells                             Type                      Level
   a - Infusion                       Charms                       1
   b - Shroud of Golubria             Charms/Translocation         2
   c - Song of Slaying                Charms                       2
   d - Spectral Weapon                Hexes/Charms                 3
   e - Regeneration                   Charms/Necromancy            3
Comestibles
 b - 2 slices of pizza
 d - a bread ration
 p - 2 meat rations


   Skills:
 + Level 2.6 Fighting
 * Level 5.5 Maces & Flails
 + Level 2.3 Armour
 - Level 1.1 Dodging
 + Level 2.7 Spellcasting
 + Level 3.0 Charms
 + Level 0.2 Translocations


You had 5 spell levels left.
You knew the following spells:

 Your Spells              Type           Power        Failure   Level  Hunger
a - Infusion              Chrm           #...         14%         1    #......
b - Shroud of Golubria    Chrm/Tloc      #.........   38%         2    ###....
c - Song of Slaying       Chrm           #.......     21%         2    ###....


Dungeon Overview and Level Annotations

Branches:
Dungeon (6/15)
 Temple: D:4-7

Altars:
Nemelex Xobeh
Trog
Uskayaw

Annotations:
D:3 gressup's ghost, amateur OpTm


Innate Abilities, Weirdness & Mutations

You have a beak for a mouth.
You have claws for feet.
You can fly.


Message History

You kill the orc!
You hit the orc.
You kill the orc!
You hit the ice beast.
The ice beast is lightly wounded.
The ice beast hits you. The ice beast freezes you!
You hit the ice beast.
You claw the ice beast, but do no damage.
The ice beast is moderately wounded.
The ice beast hits you but does no damage.
You sock the ice beast! Your peck misses the ice beast.
The ice beast is severely wounded.
The ice beast hits you. The ice beast freezes you!
* * * LOW HITPOINT WARNING * * *
You hit the ice beast.
The ice beast is almost dead.
The ice beast hits you.
* * * LOW HITPOINT WARNING * * *
The ice beast freezes you!
You die...

#Y# #.########
#..#.....## #.........##
#<.........#
#..........# ####
#...........# !.. #
#...........o##.##...#
.............oY@=.....#
#.............####.##..#
.............## ..
.....##.###### ... #.
.## # #


You could see an ice beast, an orc wizard and an orc.

Vanquished Creatures
  A scorpion (D:4)
  An orc wizard (D:4)
  2 worker ants
  Terence (D:3)
  A hound skeleton (D:4)
  7 adders
  3 oozes
  2 worms
  2 dart slugs
  3 leopard geckos
  8 orcs
  A bat (D:2)
  6 giant cockroaches
  3 goblins
  5 hobgoblins
  2 jackals (D:1)
  3 kobolds
  A ball python (D:1)
  4 frilled lizards
  A leopard gecko skeleton (D:4)
  7 rats
64 creatures vanquished.

Notes
Turn   | Place    | Note
-------+----------+-------------------------------------------
     0 | D:1      | Glaeka the Tengu Skald began the quest for the Orb.
     0 | D:1      | Reached XP level 1. HP: 12/12 MP: 4/4
   163 | D:1      | Reached XP level 2. HP: 13/17 MP: 3/6
   170 | D:1      | Learned a level 2 spell: Shroud of Golubria
   173 | D:1      | Learned a level 2 spell: Song of Slaying
   555 | D:2      | Reached XP level 3. HP: 14/22 MP: 1/7
   594 | D:2      | Reached skill level 3 in Maces & Flails
   792 | D:2      | Found a bloodstained altar of Trog.
   820 | D:2      | Reached XP level 4. HP: 22/27 MP: 0/8
  1350 | D:3      | Noticed Terence
  1363 | D:3      | Killed Terence
  1363 | D:3      | Reached skill level 4 in Maces & Flails
  1363 | D:3      | Gained mutation: You can fly. [Tengu growth]
  1363 | D:3      | Reached XP level 5. HP: 13/31 MP: 7/9
  1383 | D:3      | Noticed gressup's ghost (amateur OpTm)
  1519 | D:4      | Got a translucent scale mail
  1520 | D:4      | Identified the cursed +0 scale mail of Impermeability {MR+ Dex+4} (You found it on level 4 of the Dungeon)
  1564 | D:4      | Reached skill level 5 in Maces & Flails
  1639 | D:4      | Found a sparkling altar of Nemelex Xobeh.
  1669 | D:4      | Reached XP level 6. HP: 24/36 MP: 9/11
  1684 | D:4      | HP: 1/36 [scorpion (6)]
  1952 | D:4      | Found a hide-covered altar of Uskayaw.
  2055 | D:5      | Entered Level 5 of the Dungeon
  2323 | D:6      | Noticed an ice beast
  2348 | D:6      | Mangled by an ice beast

Vault maps used:
D:1:      lemuel_arrival_broad_hall
D:2:      lightli_temple_of_fire, minmay_heptomino_d4
D:3:      minmay_misc_feat_more_columns, uniq_terence
D:4:      nicolae_overflow_crystal_walls, nemelex_dance_club_becter
D:5:      lemuel_doored_altar, first_bread, nicolae_tso_carved_into_rock
D:6:      gammafunk_temple_overflow_claw, lemuel_crystal_altar,
          marbit_many_paths, overflow_temple_1_default, uniq_pikel

Skill      XL: |  1  2  3  4  5  6 |
---------------+-------------------+-----
Maces & Flails | 3 4 5 |  5.5
Armour         | 2 |  2.3
Charms         | 3 |  3.0
Fighting       | |  2.6
Dodging        | |  1.1
Spellcasting   | |  2.7
Translocations | |  0.2

Action                   |  1- 3 |  4- 6 || total
-------------------------+-------+-------++-------
Melee: Mace              |    71 |   112 ||   183
       Kick              |    11 |    26 ||    37
       Peck              |     8 |    13 ||    21
 Cast: Infusion          |     6 |     8 ||    14
       Shroud of Golubri |     2 |     4 ||     6
       Song of Slaying   |       |     1 ||     1
  Use: Scroll            |       |     4 ||     4
       Potion            |       |     5 ||     5
  Eat: Chunk             |       |     4 ||     4
       Fruit             |       |     5 ||     5
Armor: Leather armour    |     7 |       ||     7
       Ring mail         |    15 |    31 ||    46
Dodge: Dodged            |    34 |    44 ||    78
